 Dungeon Crawl Stone Soup version 0.30.0-29-ga12c61a403 (webtiles) character file.

Game seed: 11965524725035938124

462 ChadusMaximus the Shield-Bearer (level 7, 0/52 (55) HPs)
             Began as a Formicid Fighter on June 17, 2023.
             Slain by a wight
             ... wielding a +0 scimitar
              (2 damage)
             ... on level 4 of the Dungeon.
             The game lasted 00:02:54 (2960 turns).

ChadusMaximus the Shield-Bearer (Formicid Fighter)  Turns: 2960, Time: 00:02:55

HP:   0/52 (55)     AC:  9    Str: 28    XL:     7   Next: 28%
MP:   7/7           EV:  9    Int:  8    God:
Gold: 128           SH:  6    Dex: 19    Spells: 6/6 levels left

rFire   . . .        h - +1 long sword of Fawounne {heavy, Str+6}
rCold   . . .        c - +0 buckler
rNeg    . . .        b - +0 scale mail
rPois   .            (helmet unavailable)
rElec   .            (no cloak)
rCorr   .            g - +0 pair of gloves
SInv    +            i - +0 pair of boots
Will    .....        (no amulet) Stlth
                     n - +6 ring of dexterity
HPRegen 0.28/turn    (no ring)
MPRegen 0.10/turn

%: no passive effects
@: drained
A: permanent stasis, dig shafts and tunnels, antennae 3, four strong arms
a: Dig, Shaft Self


You were on level 4 of the Dungeon.
You visited 1 branch of the dungeon, and saw 4 of its levels.

You collected 128 gold pieces.

Inventory:

Hand Weapons
 a - a +0 war axe
 h - the +1 long sword of Fawounne (weapon) {heavy, Str+6}
   (You found it on level 2 of the Dungeon)

   Str:       It affects your strength (+6).
Armour
 b - a +0 scale mail (worn)
 c - a +0 buckler (worn)
 g - a +0 pair of gloves (worn)
 i - a +0 pair of boots (worn)
Jewellery
 n - a +6 ring of dexterity (left hand)
 o - an amulet of faith
Scrolls
 d - a scroll of silence {unknown}
 e - 7 scrolls of teleportation {unknown}
 f - a scroll of identify {unknown}
 j - a scroll of noise {unknown}
 p - a scroll of torment {unknown}
 q - a scroll of enchant weapon {unknown}
 r - 3 scrolls of vulnerability {unknown}
 s - a scroll of poison {unknown}
Potions
 k - 2 potions of heal wounds {unknown}
 l - a potion of magic {unknown}
 m - a potion of lignification {unknown}
 t - 2 potions of degeneration {unknown}


   Skills:
 + Level 4.8 Fighting
 * Level 4.7 Axes
 + Level 4.9 Armour
 + Level 5.8 Shields


You had 6 spell levels left.
You didn't know any spells.
Your spell library contained the following spells:

 Spells                   Type           Power      Damage    Failure   Level
 Beastly Appendage        Tmut           0%         N/A       71%         1
 Sandblast                Erth           0%         2d4       71%         1
 Passwall                 Tmut/Erth      0%         N/A       85%         2
 Wereblood                Tmut           0%         N/A       85%         2
 Spider Form              Tmut/Pois      0%         N/A       97%         3
 Stone Arrow              Conj/Erth      0%         3d7       97%         3


Dungeon Overview and Level Annotations

Branches:
Dungeon (4/15)
 Temple: D:4-7

Altars:
Gozag


Innate Abilities, Weirdness & Mutations

You cannot be hasted, slowed, berserked, paralysed or teleported.
You can dig through walls and to a lower floor.
You have a pair of large antennae on your head. (SInv)
Your four strong arms can wield two-handed weapons with a shield.


Message History

No target in view!
No target in view!
As you open the door, it creaks loudly!
A wight comes into view.
It is wielding a +2 halberd of freezing.
A wight opens the door.
You block the wight's attack. The wight hits you but does no damage.
There is an open door here.
There are monsters nearby!
You hit the wight.
The wight is lightly damaged.
The wight hits you with a +2 halberd of freezing!
The wight freezes you. The wight hits you but does no damage.
You block the wight's attack.
There are monsters nearby!
You hit the wight.
The wight is heavily damaged.
The wight hits you but does no damage.
The wight hits you with a +2 halberd of freezing.
You feel drained. The wight freezes you. You block the wight's attack.
The wight hits you with a +2 halberd of freezing.
The wight freezes you.
You closely miss the wight.
The wight is heavily damaged.
The wight hits you with a +0 scimitar.
You feel drained.
The wight hits you with a +2 halberd of freezing.
The wight freezes you. The wight hits you with a +0 scimitar.
The wight barely misses you.
You slash the wight!
You destroy the wight!
The wight hits you with a +0 scimitar!
* * * LOW HITPOINT WARNING * * *
The wight barely misses you.
Things that are here:
a +2 halberd of freezing; a +0 robe You hit the wight.
The wight is moderately damaged.
The wight barely misses you. The wight hits you with a +0 scimitar.
* * * LOW HITPOINT WARNING * * *
You feel drained.
You die...

#.# .........[ #.####
......... #....#
#).......
###########'####........
.........#.............#
....####..........####.#
....# ###........# ....#
#.######## ....#
#.8##.#@#{ { { ....#
#.###'#z#+#+#+ #####
#..'...........
#####'#'#+#+#+# #.#.#{ {
{ #####


You could see a wight.

Vanquished Creatures
  2 ogres
  A wight (D:4)
  Terence (D:3)
  An iguana (D:4)
  An orc wizard (D:3)
  A hound zombie (D:4)
  A mummy (D:4)
  Robin (D:3)
  4 adders
  A gnoll (D:1)
  A worm (D:2)
  A dart slug (D:3)
  7 orcs (D:3)
  7 bats
  5 endoplasms
  A giant cockroach (D:3)
  16 goblins
  6 hobgoblins
  4 kobolds
  4 quokkas
  3 ball pythons
  5 frilled lizards
  6 rats
80 creatures vanquished.

Notes
Turn   | Place    | Note
-------+----------+-------------------------------------------
     0 | D:1      | ChadusMaximus the Formicid Fighter began the quest for the
                  | Orb.
     0 | D:1      | Reached XP level 1. HP: 18/18 MP: 1/1
   134 | D:1      | Reached XP level 2. HP: 19/24 MP: 2/2
   139 | D:1      | Reached XP level 3. HP: 25/29 MP: 3/3
   555 | D:2      | Identified the +1 long sword of Fawounne {heavy, Str+6}
   565 | D:2      | Reached XP level 4. HP: 29/37 MP: 4/4
  1517 | D:3      | Reached XP level 5. HP: 42/42 MP: 5/5
  1573 | D:3      | Noticed Robin
  1596 | D:3      | Killed Robin
  1839 | D:3      | Noticed an ogre
  1847 | D:3      | Killed an ogre
  1848 | D:3      | Reached skill level 5 in Shields
  1848 | D:3      | Reached XP level 6. HP: 17/49 MP: 6/6
  2152 | D:3      | Found an opulent altar of Gozag.
  2465 | D:3      | Noticed Terence
  2472 | D:3      | Killed Terence
  2594 | D:4      | Noticed an ogre
  2604 | D:4      | Killed an ogre
  2605 | D:4      | Reached XP level 7. HP: 10/55 MP: 7/7
  2960 | D:4      | HP: 2/54 [wight/+0 scimitar (5)]
  2960 | D:4      | Slain by a wight

Illustrated notes

Levels and vault maps discovered:
D:1:      dpeg_arrival_simpleton_c, layout_basic, minmay_hexomino_c4
D:2:      layout_basic
D:3:      layout_basic, mainiacjoe_overflow_alcove_2, serial_co_window_serial,
          co_window_cross_1, co_window_paths_b, co_window_paths_b,
          co_window_of_opportunity_a, co_window_paths_a, co_window_corner_cb,
          co_window_corner_b, co_window_broadway_a, co_window_2corner,
          co_window_corner_b, co_window_corner_b, co_window_broadway_c,
          glass_columns_b, uniq_robin, uniq_terence
D:4:      layout_basic, lemuel_mausoleum_altar_kikubaaqudgha,
          nicolae_overflow_crystal_walls, minmay_temple_entry_proselytizer,
          kennysheep_generic_room_3

Skill      XL: |  1  2  3  4  5  6 |
---------------+-------------------+-----
Axes           | 3 4 |  4.7
Armour         | 4 |  4.9
Fighting       | 4 |  4.8
Shields        | 5 |  5.8

Action                     |  1- 3 |  4- 6 |  7- 9 || total
---------------------------+-------+-------+-------++-------
  Melee: War axe           |    56 |       |       ||    56
         Long sword        |     6 |   117 |    16 ||   139
Ability: Dig               |     3 |       |       ||     3
    Use: Potion            |     1 |       |       ||     1
   Stab: Distracted        |       |     1 |       ||     1
 Armour: Scale mail        |    27 |    76 |    12 ||   115
  Dodge: Dodged            |    19 |    66 |     6 ||    91
  Block: Buckler           |    12 |    45 |    10 ||    67
